 Dungeon Sprint DCSS version 0.28.0-47-ge53b351184 (webtiles) character file.

Game seed: 11913806186220672441

13370 Arandomuser85 the Minotaur Blade (level 11, -3/126 HPs)
             Began as a Minotaur Berserker on May 6, 2022.
             Was the Champion of Trog.
             Slain by an orc warrior
             ... wielding a +0 glaive
              (12 damage)
             ... in the Dungeon (Sprint IX: "|||||||||||||||||||||||||||||").
             The game lasted 00:04:08 (1966 turns).

Arandomuser85 the Minotaur Blade (MiBe)             Turns: 1966, Time: 00:04:09

Health: -3/126     AC: 18    Str: 25    XL:     11   Next: 74%
Magic:  10/10      EV: 13    Int:  7    God:    Trog [******]
Gold:   692        SH:  0    Dex: 14    Spells: 10/10 levels left

rFire   . . .      SeeInvis .   v - +9 triple sword
rCold   . . .      Faith    .   (shield currently unavailable)
rNeg    . . .      Spirit   .   B - +0 chain mail
rPois   .          Reflect  .   y - +1 hat
rElec   .          Harm     .   A - +2 cloak
rCorr   .          Rampage  .   s - +0 pair of gloves
Will    .....      NoTele   +   (no boots)
Stlth   ..........              (no amulet)
HPRegen 0.31/turn               n - +3 ring of intelligence
MPRegen 0.12/turn               o - +3 ring of strength

@: on berserk cooldown, slowed, very slow
A: horns 2, retaliatory headbutt
a: Renounce Religion, Berserk, Trog's Hand, Brothers in Arms


You were in the Dungeon.
You worshipped Trog.
Trog was exalted by your worship.
You visited 1 branch You collected 692 gold pieces.

Inventory:

Hand Weapons
 a - a +0 falchion
 k - a +2 scimitar of holy wrath
 p - a +6 vorpal great sword
 v - a +9 triple sword (weapon)
Armour
 b - a +0 animal skin
 l - a +0 pair of gloves
 m - a +2 ring mail
 s - a +0 pair of gloves (worn)
 w - a +0 cloak
 y - a +1 hat (worn)
 A - a +2 cloak (worn)
 B - a +0 chain mail (worn)
Jewellery
 n - a +3 ring of intelligence (left hand)
 o - a +3 ring of strength (right hand)
Wands
 j - a wand of iceblast (10)
 x - a wand of flame (22)
Scrolls
 h - 3 scrolls of blinking
 t - a scroll of fog
 u - a scroll of fear
Potions
 c - 5 potions of curing
 d - 5 potions of heal wounds
 e - a potion of haste
 f - 4 potions of magic
 g - a potion of berserk rage
 i - a potion of invisibility
 q - a potion of might
 r - 2 potions of resistance
 z - a potion of degeneration {unknown}


   Skills:
 + Level 20.6 Fighting
 + Level 23.1 Long Blades
 + Level 11.7 Armour
 + Level 11.5 Dodging
 + Level 1.3 Stealth


You had 10 spell levels left.
You didn't know any spells.
Your spell library was empty.

Dungeon Overview and Level Annotations

Branches:
Dungeon (1/1)

Altars:
Cheibriados
Dithmenos
Elyvilon
Fedhas
Gozag
Hepliaklqana
Kikubaaqudgha
Makhleb
Nemelex Xobeh
Okawaru
Qazlal
Ru
Sif Muna
Trog
Uskayaw
Vehumet
Wu Jian
Xom
Yredelemnul
Zin
The Shining One
Beogh
Jiyva
Lugonu


Innate Abilities, Weirdness & Mutations

You have a pair of horns on your head.
You reflexively headbutt those who attack you in melee.


Message History

The orc knight roars a battlecry!
The orcs go into a battle-frenzy!
The orc warrior hits you from afar with a +0 trident!
The orc knight hits you with a +0 dire flail!
You slice the orc knight!!
You headbutt the orc knight, but do no damage.
The orc knight is almost dead.
The orc warrior closely misses you.
The orc knight hits you with a +0 dire flail!
You hit the orc knight but do no damage.
You headbutt the orc knight.
You kill the orc knight!
Trog accepts your kill.
The orc warrior hits you from afar with a +0 trident!!
* * * LOW HITPOINT WARNING * * *
Your Long Blades skill increases to level 23!
The orc warrior closely misses you.
Things that are here:
a +0 dire flail; a +0 plate armour; 100 gold pieces You slice the orc warrior like a ripe choko!!!
You kill the orc warrior!
Trog accepts your kill.
You barely miss the orc warrior.
The orc warrior hits you but does no damage.
You slice the orc warrior!!
The orc warrior is almost dead.
The orc warrior hits you from afar with a +0 glaive.
* * * LOW HITPOINT WARNING * * *
The orc warrior hits you with a +0 dire flail!!
* * * LOW HITPOINT WARNING * * *
Unknown command.
You slice the orc warrior like a ripe choko!!!
You kill the orc warrior!
Trog accepts your kill.
The orc warrior hits you but does no damage.
You feel much better.
The orc warrior hits you from afar with a +0 glaive!!
* * * LOW HITPOINT WARNING * * *
The orc warrior hits you from afar with a +0 glaive!
You die...

________________________'.?).[...
▓▓▓▓▓▓▓▓▓▓▓▓▓▓▓▓▓▓▓▓▓▓▓▓▓▓▓▓▓▓▓▓▓
.................................
▓▓▓▓▓▓▓▓▓▓▓▓▓▓▓▓▓▓▓▓▓▓▓▓▓▓▓▓▓▓▓▓▓
....)÷.......††...†.....††.......
▓▓▓▓▓▓▓▓▓▓▓▓▓▓▓▓▓▓▓▓▓▓▓▓▓▓▓▓▓▓▓▓▓
....†..........))................
▓▓▓▓▓▓▓▓▓▓▓▓▓▓▓▓▓▓▓▓▓▓▓▓▓▓▓▓▓▓▓▓▓
)))))))...))))))@)ooo..+
▓▓▓▓▓▓▓▓▓▓▓▓▓▓▓▓▓▓▓▓▓▓▓▓


You could see 2 orc warriors and an orc (strong).

Vanquished Creatures
  Gastronok (D)
  An ettin (D)
  2 hydras (D)
  2 centaur warriors (D)
  A two-headed ogre (D)
  5 orc knights (D)
  A cyclops (D)
  A black mamba (D)
  Maurice (D)
  3 torpor snails (D)
  An elephant (D)
  A gargoyle (D)
  3 komodo dragons (D)
  A rime drake (D)
  A slime creature (D)
  2 yaks (D)
  A wyvern (D)
  2 basilisks (D)
  A vampire mosquito (D)
  A steam dragon (D)
  3 water moccasins (D)
  2 wargs (D)
  2 hell hounds (D)
  5 orc warriors (D)
  A black bear (D)
  4 wolves (D)
  A gnoll sergeant (D)
  A scorpion (D)
  An orc priest (D)
  4 orc wizards (D)
  An adder zombie (D)
  2 worms (D)
  5 orcs (D)
  A giant cockroach (D)
  A goblin (D)
  A hobgoblin (D)
  2 quokkas (D)
  A kobold (D)
  A quokka zombie (D)
71 creatures vanquished.

Vanquished Creatures (others)
  An orc wizard (D)
1 creature vanquished.

Grand Total: 72 creatures vanquished

Notes
Turn   | Place    | Note
-------+----------+-------------------------------------------
     0 | D        | Arandomuser85 the Minotaur Berserker began the quest for
                  | the Orb.
     0 | D        | Reached XP level 1. HP: 19/19 MP: 0/0
    11 | D        | Reached skill level 4 in Long Blades
    13 | D        | Reached ** piety under Trog
   248 | D        | Noticed a black bear
   248 | D        | Noticed a scorpion
   252 | D        | Killed a black bear
   253 | D        | Reached skill level 7 in Long Blades
   253 | D        | Reached XP level 2. HP: 34/34 MP: 1/1
   253 | D        | Reached XP level 3. HP: 39/39 MP: 2/2
   253 | D        | Reached XP level 4. HP: 47/47 MP: 3/3
   255 | D        | Killed a scorpion
   256 | D        | Reached skill level 8 in Long Blades
   256 | D        | Reached XP level 5. HP: 53/53 MP: 4/4
   256 | D        | Reached *** piety under Trog
   262 | D        | Reached skill level 9 in Long Blades
   303 | D        | Found a snail-covered altar of Cheibriados.
   303 | D        | Found a shadowy altar of Dithmenos.
   303 | D        | Found a white marble altar of Elyvilon.
   303 | D        | Found a blossoming altar of Fedhas.
   303 | D        | Found an opulent altar of Gozag.
   304 | D        | Found a hazy altar of Hepliaklqana.
   305 | D        | Found a viscous altar of Jiyva.
   306 | D        | Found an ancient bone altar of Kikubaaqudgha.
   307 | D        | Found a corrupted altar of Lugonu.
   308 | D        | Found a burning altar of Makhleb.
   309 | D        | Found a sparkling altar of Nemelex Xobeh.
   310 | D        | Found an iron altar of Okawaru.
   311 | D        | Found a stormy altar of Qazlal.
   312 | D        | Found a sacrificial altar of Ru.
   313 | D        | Found a shimmering blue altar of Sif Muna.
   314 | D        | Found a bloodstained altar of Trog.
   315 | D        | Found a hide-covered altar of Uskayaw.
   316 | D        | Found a radiant altar of Vehumet.
   317 | D        | Found an ornate altar of the Wu Jian Council.
   318 | D        | Found a shimmering altar of Xom.
   319 | D        | Found a basalt altar of Yredelemnul.
   320 | D        | Found a glowing silver altar of Zin.
   321 | D        | Found a glowing golden altar of the Shining One.
   363 | D        | Noticed a steam dragon
   363 | D        | Noticed a gargoyle
   363 | D        | Noticed a yak
   366 | D        | Killed a steam dragon
   367 | D        | Reached skill level 10 in Long Blades
   367 | D        | Reached skill level 5 in Dodging
   367 | D        | Reached XP level 6. HP: 64/64 MP: 5/5
   372 | D        | Reached **** piety under Trog
   373 | D        | Reached skill level 10 in Fighting
   373 | D        | Reached skill level 11 in Long Blades
   376 | D        | Killed a gargoyle
   377 | D        | Reached skill level 13 in Long Blades
   377 | D        | Reached skill level 5 in Armour
   377 | D        | Reached XP level 7. HP: 74/74 MP: 6/6
   378 | D        | Killed a yak
   427 | D        | Noticed a cyclops
   427 | D        | Noticed a two-headed ogre
   427 | D        | Noticed a centaur warrior
   427 | D        | Noticed a slime creature
   427 | D        | Noticed a centaur warrior
   427 | D        | Noticed a vampire mosquito
   434 | D        | Killed a cyclops
   435 | D        | Reached skill level 14 in Long Blades
   435 | D        | Reached XP level 8. HP: 70/85 MP: 7/7
   439 | D        | Killed a two-headed ogre
   439 | D        | Reached ***** piety under Trog
   440 | D        | Reached skill level 15 in Long Blades
   442 | D        | Killed a centaur warrior
   443 | D        | Reached skill level 16 in Long Blades
   443 | D        | Reached XP level 9. HP: 58/96 MP: 8/8
   449 | D        | Reached skill level 17 in Long Blades
   451 | D        | Killed a centaur warrior
   451 | D        | Received a gift from Trog
   452 | D        | Reached skill level 15 in Fighting
   457 | D        | Reached skill level 18 in Long Blades
   865 | D        | Noticed a seven-headed hydra
   865 | D        | Noticed a four-headed hydra
   870 | D        | Noticed a torpor snail
   872 | D        | Killed a 13-headed hydra
   875 | D        | Killed a six-headed hydra
   876 | D        | Reached skill level 19 in Long Blades
   876 | D        | Reached skill level 10 in Dodging
   876 | D        | Reached XP level 10. HP: 58/108 MP: 9/9
   903 | D        | Killed a torpor snail
   903 | D        | Received a gift from Trog
   908 | D        | Reached skill level 20 in Long Blades
  1170 | D        | Noticed an elephant
  1170 | D        | Noticed a torpor snail
  1174 | D        | Killed an elephant
  1175 | D        | Noticed a torpor snail
  1176 | D        | Killed a torpor snail
  1190 | D        | Reached skill level 10 in Armour
  1191 | D        | Killed a torpor snail
  1191 | D        | Reached ****** piety under Trog
  1193 | D        | Noticed a black mamba
  1199 | D        | Reached skill level 1 in Stealth
  1200 | D        | Killed a black mamba
  1200 | D        | Received a gift from Trog
  1201 | D        | Reached skill level 21 in Long Blades
  1201 | D        | Reached XP level 11. HP: 105/121 MP: 10/10
  1599 | D        | Noticed Maurice
  1615 | D        | Killed Maurice
  1615 | D        | Received a gift from Trog
  1623 | D        | Noticed Gastronok
  1635 | D        | Killed Gastronok
  1831 | D        | Received a gift from Trog
  1834 | D        | Noticed an ettin
  1842 | D        | Noticed an orc knight
  1847 | D        | Killed an ettin
  1848 | D        | Reached skill level 22 in Long Blades
  1853 | D        | Killed an orc knight
  1856 | D        | Received a gift from Trog
  1931 | D        | Noticed an orc knight
  1935 | D        | Noticed an orc knight
  1940 | D        | Killed an orc knight
  1941 | D        | Noticed an orc knight
  1945 | D        | Noticed an orc knight
  1952 | D        | Killed an orc knight
  1955 | D        | Killed an orc knight
  1955 | D        | Received a gift from Trog
  1960 | D        | Killed an orc knight
  1961 | D        | Reached skill level 23 in Long Blades
  1966 | D        | Slain by an orc warrior

Illustrated notes

Levels and vault maps discovered:
D:        linesprint [early_d, line_temple, items_1, d_10, items_2, lair_1,
          lair_end, items_3, orc_1, orc_end, items_4, d_15, swamp_1, shoals_1,
          snake_1, spider_1, d_20, vaults_1, items_5, swamp_end, shoals_end,
          snake_end, spider_end, vaults_end, d_27, items_6, zot_1, zot_end,
          crypt_end, forest_end, elf_end, slime_end, tomb_end, abyss_end,
          pan_hell_end]

Skill      XL: |  1  2  3  4  5  6  7  8  9 10 11 |
---------------+----------------------------------+-----
Fighting       | 7 8 9 11 12 14 16 18 20 | 20.6
Long Blades    | 7 8 10 13 14 16 19 21 23 | 23.1
Armour         | 3 4 5 6 7 8 10 11 | 11.7
Dodging        | 4 5 6 7 9 10 11 | 11.5
Stealth        | 1 |  1.3

Action                   |  1- 3 |  4- 6 |  7- 9 | 10-12 || total
-------------------------+-------+-------+-------+-------++-------
Melee: Falchion          |    16 |    10 |       |       ||    26
       Headbutt          |     2 |     4 |    10 |    21 ||    37
       Scimitar          |       |    10 |    24 |       ||    34
       Great sword       |       |       |    13 |    43 ||    56
       Punch             |       |       |     1 |       ||     1
       Triple sword      |       |       |       |    85 ||    85
Invok: Berserk           |     1 |     1 |     2 |     3 ||     7
  Use: Scroll            |       |       |     2 |     4 ||     6
       Potion            |       |       |       |     4 ||     4
Armor: Animal skin       |     2 |       |       |       ||     2
       Ring mail         |       |     3 |     7 |    18 ||    28
       Chain mail        |       |       |       |     9 ||     9
Dodge: Dodged            |    12 |    10 |    32 |    56 ||   110
